 Dungeon Crawl Stone Soup version 0.22-b1-26-g9dbaab1112 (webtiles) character file.

102 Pisosu the Shield-Bearer (level 4, 0/40 HPs)
             Began as a Minotaur Fighter on Aug 8, 2018.
             Succumbed to a kobold's poison
             ... on level 3 of the Dungeon.
             The game lasted 00:04:27 (1855 turns).

Pisosu the Shield-Bearer (Minotaur Fighter)         Turns: 1855, Time: 00:04:27

Health: 0/40       AC:  3    Str: 22    XL:     4   Next: 49%
Magic:  3/3        EV:  9    Int: 10    God:
Gold:   115        SH:  9    Dex:  9    Spells: 3/3 levels left

rFire    . . .     SeeInvis .   a - +0 flail
rCold    . . .     Gourm    .   c - +0 shield
rNeg     . . .     Faith    .   e - +0 leather armour (curse)
rPois    .         Spirit   .   (helmet restricted)
rElec    .         Reflect  .   (no cloak)
rCorr    .         Harm     .   (no gloves)
MR       .....                  (no boots)
Stlth    +.........             (no amulet)
HPRegen  0.13/turn              (no ring)
MPRegen  0.08/turn              (no ring)

@: brilliant, lethally poisoned (0 -> -22)
A: retaliatory headbutt, horns 2
a: no special abilities


You were on level 3 of the Dungeon.
You were not hungry.

You visited 1 branch of the dungeon, and saw 3 of its levels.

You collected 115 gold pieces.

Inventory:

Hand Weapons
 a - a +0 flail (weapon)
Missiles
 u - a throwing net (quivered)
Armour
 b - a +0 scale mail
 c - a +0 shield (worn)
 e - a cursed +0 leather armour (worn)
Jewellery
 q - an uncursed ring of wizardry {unknown}
Scrolls
 j - 3 scrolls of enchant armour {unknown}
 k - 4 scrolls of identify {unknown}
 l - 3 scrolls of immolation {unknown}
 o - a scroll of magic mapping {unknown}
 p - 2 scrolls of teleportation {unknown}
 r - 3 scrolls of fear {unknown}
 s - a scroll of amnesia {unknown}
Potions
 d - 2 potions of might
 h - a potion of ambrosia {unknown}
 i - 2 potions of heal wounds {unknown}
 m - a potion of berserk rage {unknown}
 n - 3 potions of degeneration {unknown}
 v - a potion of curing {unknown}
Comestibles
 f - 8 rations
 t - 2 chunks of flesh


   Skills:
 + Level 4.2 Fighting
 + Level 4.0 Maces & Flails
 + Level 4.2 Armour
 + Level 4.5 Shields


You had 3 spell levels left.
You didn't know any spells.
Your spell library was empty.

Dungeon Overview and Level Annotations

Branches:
Dungeon (3/15)

Altars:
Okawaru


Innate Abilities, Weirdness & Mutations

You reflexively headbutt those who attack you in melee.
You have a pair of horns on your head.


Message History

An orc comes into view.
You block the orc's attack.
The orc shouts!
You thump the orc!
You kill the orc!
* * * LOW HITPOINT WARNING * * *
You feel very sick. The orc hits you but does no damage.
The kobold shoots a poisoned needle.
You block the poisoned needle. The orc barely misses you.
You furiously retaliate!
You headbutt the orc!
You kill the orc!
Your Maces & Flails skill increases to level 4!
* * * LOW HITPOINT WARNING * * *
You feel sick.
Things that are here:
a dagger; 7 gold pieces Unknown command.
It was a potion of brilliance.
You feel clever all of a sudden.
You die...

... ... #o# ..... #.#
... #K# ... ##'## ...
##.))## #.# ##..@(.##
####.# #....)(.##
##.##)#
#.......(.####...#.###
..'...%....((.>.........
###.........####...#.###
##.......## ##.##.#
##.....## ####.# ##...##
#.# ##'# #.#


You could see an orc and a kobold.

Vanquished Creatures
  3 adders
  An ooze (D:2)
  A dart slug (D:2)
  A leopard gecko (D:3)
  4 orcs (D:3)
  4 giant cockroaches
  10 goblins
  6 hobgoblins
  A quokka (D:2)
  11 bats
  7 frilled lizards
  9 kobolds
  7 rats
65 creatures vanquished.

Notes
Turn   | Place    | Note
-------+----------+-------------------------------------------
     0 | D:1      | Pisosu the Minotaur Fighter began the quest for the Orb.
     0 | D:1      | Reached XP level 1. HP: 19/19 MP: 0/0
   160 | D:1      | Reached XP level 2. HP: 20/27 MP: 1/1
   808 | D:1      | Reached XP level 3. HP: 33/33 MP: 2/2
  1060 | D:2      | Found an iron altar of Okawaru.
  1390 | D:2      | Reached XP level 4. HP: 29/40 MP: 3/3
  1854 | D:3      | HP: 2/40 [poisoned by a kobold]
  1855 | D:3      | Succumbed to a kobold's poison

Skill      XL: |  1  2  3  4 |
---------------+-------------+-----
Fighting       | 4 |  4.2
Shields        | 4 |  4.5
Armour         | 4 |  4.2
Maces & Flails | 3 4 |  4.0

Action                   |  1- 3 |  4- 6 || total
-------------------------+-------+-------++-------
Melee: Flail             |   108 |    27 ||   135
       Headbutt          |    13 |     5 ||    18
  Use: Potion            |       |     1 ||     1
  Eat: Chunk             |     1 |     2 ||     3
Armor: Leather armour    |    31 |     8 ||    39
       Scale mail        |     2 |       ||     2
Dodge: Dodged            |    58 |     9 ||    67
Block: Shield            |    69 |    19 ||    88
